MID
HICKORY CRAWDADS @ GREENVILLE DRIVE
05/26/2045
 
TOP OF THE 1ST
Hickory Crawdads batting - Pitching for Greenville Drive : RHP Jose Escobar
Pitching: RHP Jose Escobar
Batting: RHB Luke Stark 0-0: Ball
1-0: Swinging Strike
1-1: Fly out, F6 (Popup, 6, EV 80.0 MPH)
Batting: RHB Aaron Graham 0-0: Ball
1-0: Foul Ball, location: 2F
1-1: Ball
2-1: Foul Ball, location: 2F
2-2: Ball
3-2: Ground out 6-3 (Groundball, 56D, EV 81.9 MPH)
Batting: LHB Manuel Arguello 0-0: Foul Ball, location: 2F
0-1: Ball
1-1: Fly out, F7 (Flyball, 7D, EV 103.1 MPH)
Top of the 1st over - 0 runs, 0 hits, 0 errors, 0 left on base; Hickory 0 - Greenville 0
BOTTOM OF THE 1ST
Greenville Drive batting - Pitching for Hickory Crawdads : RHP Davion Jones
Pitching: RHP Davion Jones
Batting: RHB John Chiesa 0-0: Called Strike
0-1: Foul Ball, location: 2F
0-2: Ball
1-2: Ground out 5-3 (Groundball, 5, EV 99.4 MPH)
Batting: LHB Frank Olivo 0-0: Called Strike
0-1: Ball
1-1: Ball
2-1: Ball
3-1: Called Strike
3-2: Foul Ball, location: 2F
3-2: Base on Balls
Batting: LHB Jarrett Mordecai 0-0: Ball
1-0: Ball
2-0: Called Strike
2-1: Foul Ball, location: 2F
2-2: Ball
3-2: Strikes out looking
Batting: LHB Sergio Tinoco 0-0: Called Strike
0-1: Ball
1-1: Ball
2-1: Ball
3-1: Foul Ball, location: 2F
3-2: Fly out, F7 (Line Drive, 7D, EV 99.4 MPH)
Bottom of the 1st over - 0 runs, 0 hits, 0 errors, 1 left on base; Hickory 0 - Greenville 0
TOP OF THE 2ND
Hickory Crawdads batting - Pitching for Greenville Drive : RHP Jose Escobar
Batting: RHB Brian Morrison 0-0: Foul Ball, location: 2F
0-1: Ball
1-1: Foul Ball, location: 2F
1-2: SINGLE (Line Drive, 34, EV 95.6 MPH)
Batting: LHB Gabriel Graves 0-0: Ball
1-0: 2-RUN HOME RUN (Flyball, 89XD, EV 116.2 MPH), Distance : 449 ft
Batting: RHB Adryão Anto 0-0: Ball
1-0: SINGLE (Groundball, 4D, EV 95.6 MPH)
Batting: RHB Chris Powell 0-0: Ball
1-0: Ball
2-0: Called Strike
2-1: Fly out, F7 (Flyball, 7LD, EV 107.5 MPH)
Batting: RHB Brandon Davis 0-0: Ball
1-0: Swinging Strike
1-1: Called Strike
1-2: Ball
2-2: TRIPLE (Flyball, 9LD, EV 105.6 MPH)
Adryão Anto scores
Pitching: RHP Kasper Larkin
Batting: RHB Darnell Jones 0-0: Ball
1-0: Foul Ball, location: 2F
1-1: Foul Ball, location: 2F
1-2: Strikes out swinging
Batting: RHB Luke Stark 0-0: 2-RUN HOME RUN (Flyball, 9LD, EV 93.8 MPH), Distance : 349 ft
Batting: RHB Aaron Graham 0-0: Ball
1-0: Ball
2-0: Ball
3-0: Called Strike
3-1: Base on Balls
Batting: LHB Manuel Arguello 0-0: Ball
Aaron Graham steals 2nd base
1-0: Called Strike
1-1: SINGLE (Groundball, 3S, EV 76.9 MPH) (infield hit)
Aaron Graham to third
Batting: RHB Brian Morrison 0-0: Ball
1-0: Foul Ball, location: 2F
1-1: Ball
Manuel Arguello steals 2nd, throwing error, E2
Aaron Graham scores
Manuel Arguello to third
2-1: Fly out, F8 (Flyball, 8LXD, EV 89.4 MPH)
Top of the 2nd over - 6 runs, 6 hits, 1 error, 1 left on base; Hickory 6 - Greenville 0
BOTTOM OF THE 2ND
Greenville Drive batting - Pitching for Hickory Crawdads : RHP Davion Jones
Batting: RHB Tommy Boudreaux 0-0: Foul Ball, location: 2F
0-1: Foul Ball, location: 2F
0-2: Strikes out swinging
Batting: RHB Nick Cottrell 0-0: Ball
1-0: Ball
2-0: Ground out U3 (Groundball, 34S, EV 84.4 MPH)
Batting: RHB Larry Brocato 0-0: Ground out 5-3 (Groundball, 56, EV 85.0 MPH)
Bottom of the 2nd over - 0 runs, 0 hits, 0 errors, 0 left on base; Hickory 6 - Greenville 0
TOP OF THE 3RD
Hickory Crawdads batting - Pitching for Greenville Drive : RHP Kasper Larkin
Batting: LHB Gabriel Graves 0-0: Ball
1-0: Foul Ball, location: 2F
1-1: Ball
2-1: Swinging Strike
2-2: Strikes out swinging
Batting: RHB Adryão Anto 0-0: Called Strike
0-1: Called Strike
0-2: Ball
1-2: Foul Ball, location: 2F
1-2: Reached on error, E6 (Groundball, 6, EV 78.8 MPH)
Batting: RHB Chris Powell 0-0: Ball
Adryão Anto steals 2nd base
1-0: Called Strike
1-1: Ball
2-1: Swinging Strike
2-2: SINGLE (Groundball, 56, EV 83.8 MPH) (infield hit)
Adryão Anto to third
Batting: RHB Brandon Davis 0-0: Ball
1-0: Swinging Strike
1-1: Called Strike
1-2: Strikes out swinging
Batting: RHB Darnell Jones 0-0: Ball
1-0: Ball
2-0: Called Strike
2-1: Ball
3-1: Swinging Strike
3-2: Foul Ball, location: 2F
3-2: Foul Ball, location: 2F
3-2: Fly out, F9 (Flyball, 9LD, EV 87.5 MPH)
Top of the 3rd over - 0 runs, 1 hit, 1 error, 2 left on base; Hickory 6 - Greenville 0
BOTTOM OF THE 3RD
Greenville Drive batting - Pitching for Hickory Crawdads : RHP Davion Jones
Batting: RHB Joel Vazquez 0-0: Swinging Strike
0-1: Swinging Strike
0-2: Strikes out swinging
Batting: RHB Paul Long 0-0: Ball
1-0: Ball
2-0: Ball
3-0: Called Strike
3-1: Ground out 5-3 (Groundball, 56S, EV 68.1 MPH)
Batting: RHB John Chiesa 0-0: Called Strike
0-1: Ball
1-1: Ball
2-1: Ball
3-1: Foul Ball, location: 2F
3-2: Fly out, F3 (Line Drive, 3, EV 68.8 MPH)
Bottom of the 3rd over - 0 runs, 0 hits, 0 errors, 0 left on base; Hickory 6 - Greenville 0
TOP OF THE 4TH
Hickory Crawdads batting - Pitching for Greenville Drive : RHP Kasper Larkin
Pitching: RHP Ricardo Bautista
Batting: RHB Luke Stark 0-0: Called Strike
0-1: Foul Ball, location: 2F
0-2: Foul Ball, location: 2F
0-2: Ball
1-2: Ground out 3-1 (Groundball, 34, EV 77.5 MPH)
Batting: RHB Aaron Graham 0-0: Ball
1-0: Foul Ball, location: 2F
1-1: Foul Ball, location: 2F
1-2: Ball
2-2: Strikes out swinging
Batting: LHB Manuel Arguello 0-0: Called Strike
0-1: Ball
1-1: Ball
2-1: Ball
3-1: Foul Ball, location: 2F
3-2: Base on Balls
Batting: RHB Brian Morrison 0-0: Ball
Manuel Arguello steals 2nd base
1-0: Ball
2-0: Foul Ball, location: 2F
2-1: Fly out, F9 (Flyball, 89XD, EV 99.4 MPH)
Top of the 4th over - 0 runs, 0 hits, 0 errors, 1 left on base; Hickory 6 - Greenville 0
BOTTOM OF THE 4TH
Greenville Drive batting - Pitching for Hickory Crawdads : RHP Davion Jones
Batting: LHB Frank Olivo 0-0: Ball
1-0: Ball
2-0: Foul Ball, location: 2F
2-1: Fly out, F8 (Flyball, 8RM, EV 86.9 MPH)
Batting: LHB Jarrett Mordecai 0-0: Called Strike
0-1: Ball
1-1: Ball
2-1: Ground out U3 (Groundball, 3, EV 83.1 MPH)
Batting: LHB Sergio Tinoco 0-0: Ball
1-0: Called Strike
1-1: Swinging Strike
1-2: Ground out U3 (Groundball, 3L, EV 86.2 MPH)
Bottom of the 4th over - 0 runs, 0 hits, 0 errors, 0 left on base; Hickory 6 - Greenville 0
TOP OF THE 5TH
Hickory Crawdads batting - Pitching for Greenville Drive : RHP Ricardo Bautista
Batting: LHB Gabriel Graves 0-0: Ball
1-0: Foul Ball, location: 2F
1-1: Foul Ball, location: 2F
1-2: Ball
2-2: SINGLE (Line Drive, 3D, EV 98.1 MPH)
Batting: RHB Adryão Anto 0-0: Called Strike
0-1: Ball
1-1: Swinging Strike
1-2: Foul Ball, location: 2F
1-2: Ball
2-2: Foul Ball, location: 2F
2-2: Foul Ball, location: 2F
2-2: Grounds into double play, 4-6-3 (Groundball, 4, EV 90.0 MPH)
Batting: RHB Chris Powell 0-0: Foul Ball, location: 2F
0-1: Ground out 3-1 (Groundball, 34, EV 103.8 MPH)
Top of the 5th over - 0 runs, 1 hit, 0 errors, 0 left on base; Hickory 6 - Greenville 0
BOTTOM OF THE 5TH
Greenville Drive batting - Pitching for Hickory Crawdads : RHP Davion Jones
Batting: RHB Tommy Boudreaux 0-0: Ball
1-0: Ball
2-0: Fly out, F2 (Popup, 25F, EV 96.2 MPH)
Batting: RHB Nick Cottrell 0-0: Ball
1-0: Foul Ball, location: 2F
1-1: Foul Ball, location: 2F
1-2: Strikes out swinging
Batting: RHB Larry Brocato 0-0: Fly out, F4 (Popup, 4S, EV 81.2 MPH)
Bottom of the 5th over - 0 runs, 0 hits, 0 errors, 0 left on base; Hickory 6 - Greenville 0
TOP OF THE 6TH
Hickory Crawdads batting - Pitching for Greenville Drive : RHP Ricardo Bautista
Batting: RHB Brandon Davis 0-0: Ball
1-0: Called Strike
1-1: Ball
2-1: Ball
3-1: Base on Balls
Pitching: RHP Wing-chiu Ya
Batting: RHB Darnell Jones 0-0: Ball
Brandon Davis steals 2nd base
1-0: Swinging Strike
1-1: Ball
2-1: Foul Ball, location: 2F
2-2: Foul Ball, location: 2F
2-2: Ball
3-2: Strikes out swinging
Batting: RHB Luke Stark 0-0: Foul Ball, location: 2F
0-1: Swinging Strike
0-2: Ball
1-2: Ball
2-2: Foul Ball, location: 2F
2-2: Ball
3-2: Fly out, F8 (Flyball, 8LM, EV 82.5 MPH)
Batting: RHB Aaron Graham 0-0: Called Strike
0-1: Foul Ball, location: 2F
Balk!
Brandon Davis to third
0-2: Ball
1-2: Ball
2-2: SINGLE (Flyball, 6D, EV 97.5 MPH)
Brandon Davis scores
Batting: LHB Manuel Arguello 0-0: Ball
1-0: 2-RUN HOME RUN (Flyball, 9D, EV 105.6 MPH), Distance : 394 ft
Batting: RHB Brian Morrison 0-0: Called Strike
0-1: Ball
1-1: Swinging Strike
1-2: Ball
2-2: Strikes out swinging
Top of the 6th over - 3 runs, 2 hits, 0 errors, 0 left on base; Hickory 9 - Greenville 0
BOTTOM OF THE 6TH
Greenville Drive batting - Pitching for Hickory Crawdads : RHP Davion Jones
Batting: RHB Joel Vazquez 0-0: Ball
1-0: Fly out, F9 (Flyball, 9D, EV 103.8 MPH)
Batting: RHB Paul Long 0-0: Ball
1-0: Ball
2-0: Ball
3-0: Called Strike
3-1: Foul Ball, location: 2F
3-2: Foul Ball, location: 2F
3-2: Foul Ball, location: 2F
3-2: Base on Balls
Batting: RHB John Chiesa 0-0: Ball
1-0: Ball
2-0: Called Strike
2-1: Swinging Strike
2-2: Ball
3-2: Strikes out swinging
Batting: LHB Frank Olivo 0-0: Called Strike
0-1: Foul Ball, location: 2F
0-2: Fly out, F9 (Flyball, 9S, EV 83.1 MPH)
Bottom of the 6th over - 0 runs, 0 hits, 0 errors, 1 left on base; Hickory 9 - Greenville 0
TOP OF THE 7TH
Hickory Crawdads batting - Pitching for Greenville Drive : RHP Wing-chiu Ya
Batting: LHB Gabriel Graves 0-0: Foul Ball, location: 2F
0-1: Ball
1-1: DOUBLE (Line Drive, 9LS, EV 96.9 MPH)
Batting: RHB Adryão Anto 0-0: Foul Ball, location: 2F
0-1: Foul Ball, location: 2F
0-2: Ball
1-2: Ball
2-2: Foul Ball, location: 2F
2-2: Ball
3-2: Strikes out swinging
Pitching: LHP Paul Hinderliter
Batting: RHB Chris Powell 0-0: Ball
1-0: Called Strike
1-1: Called Strike
1-2: Foul Ball, location: 2F
1-2: Foul Ball, location: 2F
1-2: Ball
2-2: Foul Ball, location: 2F
2-2: Ball
3-2: Ground out 6-3 (Groundball, 6, EV 78.8 MPH)
Gabriel Graves to third
Batting: RHB Brandon Davis 0-0: Foul Ball, location: 2F
0-1: Ball
1-1: Called Strike
1-2: Ball
2-2: Foul Ball, location: 2F
2-2: Ball
3-2: Base on Balls
Batting: RHB Darnell Jones 0-0: Swinging Strike
0-1: Foul Ball, location: 2F
0-2: Strikes out looking
Top of the 7th over - 0 runs, 1 hit, 0 errors, 2 left on base; Hickory 9 - Greenville 0
BOTTOM OF THE 7TH
Greenville Drive batting - Pitching for Hickory Crawdads : RHP Davion Jones
Batting: LHB Jarrett Mordecai 0-0: Foul Ball, location: 2F
0-1: Ball
1-1: SINGLE (Line Drive, 8LS, EV 95.0 MPH)
Batting: LHB Sergio Tinoco 0-0: Ball
1-0: Ball
2-0: Called Strike
2-1: Foul Ball, location: 2F
2-2: Ball
3-2: SINGLE (Groundball, 34S, EV 65.0 MPH) (infield hit)
Jarrett Mordecai to second
Batting: RHB Tommy Boudreaux 0-0: Fielders Choice at 2nd, 5-4 (Groundball, 5, EV 90.0 MPH)
Jarrett Mordecai to third
Batting: RHB Nick Cottrell 0-0: Ball
1-0: Ball
2-0: Foul Ball, location: 2F
2-1: Foul Ball, location: 2F
2-2: Strikes out looking
Batting: RHB Larry Brocato 0-0: Swinging Strike
0-1: Called Strike
0-2: Foul Ball, location: 2F
0-2: Ball
1-2: Foul Ball, location: 2F
1-2: Foul Ball, location: 2F
1-2: Strikes out swinging
Bottom of the 7th over - 0 runs, 2 hits, 0 errors, 2 left on base; Hickory 9 - Greenville 0
TOP OF THE 8TH
Hickory Crawdads batting - Pitching for Greenville Drive : LHP Paul Hinderliter
Batting: RHB Luke Stark 0-0: Swinging Strike
0-1: Ball
1-1: Ball
2-1: Foul Ball, location: 2F
2-2: Foul Ball, location: 2F
2-2: Ball
3-2: Base on Balls
Batting: RHB Aaron Graham 0-0: Ball
1-0: Called Strike
1-1: SINGLE (Groundball, 6S, EV 88.1 MPH)
Luke Stark to second
Pitching: RHP Tyler Carriger
Batting: LHB Manuel Arguello 0-0: Ball
1-0: Foul Ball, location: 2F
1-1: Foul Ball, location: 2F
1-2: Grounds into double play, 6-4-3 (Groundball, 6M, EV 96.2 MPH)
Luke Stark to third
Batting: RHB Brian Morrison 0-0: Ball
1-0: Ball
2-0: Called Strike
2-1: Ball
3-1: Base on Balls
Batting: LHB Gabriel Graves 0-0: Ball
1-0: Foul Ball, location: 2F
1-1: Swinging Strike
1-2: Ball
2-2: Ball
3-2: Strikes out swinging
Top of the 8th over - 0 runs, 1 hit, 0 errors, 2 left on base; Hickory 9 - Greenville 0
BOTTOM OF THE 8TH
Greenville Drive batting - Pitching for Hickory Crawdads : RHP Davion Jones
Now at 2B: Gabriel Graves
Now at SS: Alex Vasquez
Batting: RHB Joel Vazquez 0-0: Called Strike
0-1: Swinging Strike
0-2: Strikes out swinging
Batting: RHB Paul Long 0-0: Ground out 6-3 (Groundball, 6, EV 85.6 MPH)
Batting: RHB John Chiesa 0-0: Reached on error, E5 (Groundball, 5L, EV 100.6 MPH)
Pitching: RHP Isaac Gauntt
Now at 2B: Darnell Jones
Now at 3B: Mike Meeker
Now at SS: Alex Vasquez
Batting: LHB Frank Olivo 0-0: Called Strike
0-1: Ball
1-1: Ball
2-1: Foul Ball, location: 2F
2-2: Ball
3-2: Foul Ball, location: 2F
3-2: Foul Ball, location: 2F
3-2: Strikes out looking
Bottom of the 8th over - 0 runs, 0 hits, 1 error, 1 left on base; Hickory 9 - Greenville 0
TOP OF THE 9TH
Hickory Crawdads batting - Pitching for Greenville Drive : RHP Tyler Carriger
Pitching: RHP Jim Whiteman
Batting: RHB Adryão Anto 0-0: Ball
1-0: Foul Ball, location: 2F
1-1: Ball
2-1: Foul Ball, location: 2F
2-2: Ball
3-2: Base on Balls
Batting: RHB Chris Powell 0-0: Ball
1-0: Fielders Choice at 2nd, 2-4 (Groundball, 15S, EV 68.8 MPH)
Batting: RHB Brandon Davis 0-0: Foul Ball, location: 2F
0-1: Foul Ball, location: 2F
0-2: Foul Ball, location: 2F
0-2: Ball
1-2: Ball
Wild Pitch!
Chris Powell to second
2-2: Ball
3-2: Base on Balls
Batting: RHB Darnell Jones 0-0: Called Strike
0-1: Swinging Strike
0-2: Foul Ball, location: 2F
0-2: Strikes out swinging
Batting: RHB Alex Vasquez 0-0: Foul Ball, location: 2F
0-1: Called Strike
0-2: Strikes out swinging
Top of the 9th over - 0 runs, 0 hits, 0 errors, 2 left on base; Hickory 9 - Greenville 0
BOTTOM OF THE 9TH
Greenville Drive batting - Pitching for Hickory Crawdads : RHP Isaac Gauntt
Batting: LHB Jarrett Mordecai 0-0: Ball
1-0: Ball
2-0: Fly out, F4 (Line Drive, 34, EV 102.5 MPH)
Batting: LHB Sergio Tinoco 0-0: Ground out U3 (Groundball, 34S, EV 83.8 MPH)
Batting: RHB Tommy Boudreaux 0-0: Ball
1-0: Fly out, F9 (Flyball, 9LM, EV 85.0 MPH)
Bottom of the 9th over - 0 runs, 0 hits, 0 errors, 0 left on base; Hickory 9 - Greenville 0
Wednesday, June 22nd , 2022 - OOTP Baseball 23.4 Build 64